 Dungeon Crawl Stone Soup version 0.22.1-1-ga44c0e5 (webtiles) character file.

49 aMcNicky the Vexing (level 3, -3/28 HPs)
             Began as a Gnoll Arcane Marksman on Oct 9, 2018.
             Killed from afar by an orc wizard (9 damage)
             ... with a magic dart
             ... on level 2 of the Dungeon.
             The game lasted 00:05:17 (1778 turns).

aMcNicky the Vexing (Gnoll Arcane Marksman)         Turns: 1778, Time: 00:05:18

Health: -3/28      AC:  6    Str: 13    XL:     3   Next: 75%
Magic:  7/7        EV: 13    Int: 15    God:
Gold:   78         SH:  0    Dex: 15    Spells: 4/7 levels left

rFire    . . .     SeeInvis .   v - +2 hand axe (elec)
rCold    . . .     Gourm    .   (no shield)
rNeg     . . .     Faith    .   j - +0 ring mail
rPois    .         Spirit   .   (no helmet)
rElec    .         Reflect  .   (no cloak)
rCorr    .         Harm     .   q - +0 pair of gloves
MR       .....                  (no boots)
Stlth    +.........             (no amulet)
HPRegen  0.09/turn              (no ring)
MPRegen  0.10/turn              (no ring)

@: no status effects
A: distributed training, fangs 1, strong nose
a: no special abilities


You were on level 2 of the Dungeon.
You were not hungry.

You visited 1 branch of the dungeon, and saw 2 of its levels.

You collected 78 gold pieces.

Inventory:

Hand Weapons
 v - a +2 hand axe of electrocution (weapon)
Missiles
 c - 5 javelins (quivered)
 d - 2 throwing nets
Armour
 a - a +0 robe
 j - a +0 ring mail (worn)
 q - a +0 pair of gloves (worn)
Jewellery
 h - a +4 ring of strength
 p - an uncursed ring of fire
Scrolls
 e - a scroll of amnesia {unknown}
 g - 4 scrolls of identify {@r1}
 i - a scroll of remove curse {unknown}
 l - a scroll of immolation {unknown}
 n - a scroll of blinking {unknown}
 r - a scroll of teleportation {unknown}
 s - a scroll of fear {unknown}
Potions
 m - a potion of magic {unknown}
 u - 2 potions of curing {unknown}
Comestibles
 f - a ration
 k - 4 chunks of flesh


   Skills:
 + Level 2.6 Fighting
 + Level 0.9 Short Blades
 + Level 0.9 Long Blades
 + Level 0.9 Axes
 + Level 0.9 Maces & Flails
 + Level 0.9 Polearms
 + Level 0.9 Staves
 + Level 0.9 Slings
 + Level 0.9 Bows
 + Level 0.9 Crossbows
 + Level 4.5 Throwing
 + Level 0.9 Armour
 + Level 4.5 Dodging
 + Level 0.9 Stealth
 + Level 0.9 Shields
 + Level 0.9 Unarmed Combat
 + Level 2.8 Spellcasting
 + Level 0.6 Conjurations
 + Level 5.4 Hexes
 + Level 0.6 Charms
 + Level 0.6 Summonings
 + Level 0.6 Necromancy
 + Level 0.6 Translocations
 + Level 0.6 Transmutations
 + Level 0.6 Fire Magic
 + Level 0.6 Ice Magic
 + Level 0.6 Air Magic
 + Level 0.6 Earth Magic
 + Level 0.6 Poison Magic
 + Level 1.0 Invocations
 + Level 0.9 Evocations


You had 4 spell levels left.
You knew the following spells:

 Your Spells              Type           Power        Failure   Level  Hunger
a - Corona                Hex            ###....      4%          1    #......
b - Slow                  Hex            ###.....     7%          2    ##.....

Your spell library contained the following spells:

 Spells                   Type           Power        Failure   Level  Hunger
 Inner Flame              Hex/Fire       ##......     36%         3    ###....
 Portal Projectile        Hex/Tloc       ##....       36%         3    ###....
 Cause Fear               Hex            ###.......   43%         4    #####..
 Leda's Liquefaction      Hex/Erth       ##........   77%         4    #####..


Dungeon Overview and Level Annotations

Branches:
Dungeon (2/15)

Altars:


Innate Abilities, Weirdness & Mutations

Your experience applies equally to all skills.
You have very sharp teeth.
Your uncanny sense of smell can sniff out nearby items.


Message History

You miss something. You miss something. You bite something.
Something hits you but does no damage.
You closely miss something. Your bite misses something. Something hits you.
You hear some strange, mumbled words.
A puff of frost appears from out of thin air!
The puff of frost hits you!
You barely miss something.
A giant cockroach comes into view.
Something hits you but does no damage.
You hit something but do no damage.
You hear some strange, mumbled words.
A magic dart appears from out of thin air!
The magic dart hits you!
* * * LOW HITPOINT WARNING * * *
You closely miss something. Something hits you but does no damage.
You barely miss something.
You hear some strange, mumbled words.
A magic dart appears from out of thin air!
The magic dart hits you!
You die...

#............#
#............#
#...((.......#
#....(.......#
#............#
#............#
##...........#
#......)....#########
#...........s@{o)....
#...........#########
#...........'.......
#...........#####..#
#...........#####..#
#..................#
#...........#####..#
#...........#
##########.##


You could see an orc and a giant cockroach.

Vanquished Creatures
  An ooze (D:2)
  A dart slug (D:2)
  A leopard gecko (D:1)
  An orc (D:2)
  3 giant cockroaches
  5 goblins (D:1)
  2 hobgoblins (D:2)
  2 jackals (D:1)
  8 kobolds
  A quokka (D:2)
  A ball python (D:2)
  6 bats (D:1)
  2 frilled lizards
  3 rats (D:1)
37 creatures vanquished.

Notes
Turn   | Place    | Note
-------+----------+-------------------------------------------
     0 | D:1      | aMcNicky the Gnoll Arcane Marksman began the quest for the
                  | Orb.
     0 | D:1      | Reached XP level 1. HP: 17/17 MP: 4/4
   515 | D:1      | Reached XP level 2. HP: 23/23 MP: 5/5
  1089 | D:1      | Reached XP level 3. HP: 28/28 MP: 7/7
  1093 | D:1      | Learned a level 2 spell: Slow
  1605 | D:2      | Reached skill level 1 in Invocations
  1778 | D:2      | Killed from afar by an orc wizard

Skill      XL: |  1  2  3 |
---------------+----------+-----
Invocations    | 1 |  1.0
Fighting       | |  2.6
Short Blades   | |  0.9
Long Blades    | |  0.9
Axes           | |  0.9
Maces & Flails | |  0.9
Polearms       | |  0.9
Staves         | |  0.9
Slings         | |  0.9
Bows           | |  0.9
Crossbows      | |  0.9
Throwing       | |  4.5
Armour         | |  0.9
Dodging        | |  4.5
Stealth        | |  0.9
Shields        | |  0.9
Unarmed Combat | |  0.9
Spellcasting   | |  2.8
Conjurations   | |  0.6
Hexes          | |  5.4
Charms         | |  0.6
Summonings     | |  0.6
Necromancy     | |  0.6
Translocations | |  0.6
Transmutations | |  0.6
Fire Magic     | |  0.6
Ice Magic      | |  0.6
Air Magic      | |  0.6
Earth Magic    | |  0.6
Poison Magic   | |  0.6
Evocations     | |  0.9

Action                   || total
-------------------------++-------
Melee: Short sword       ||    90
       Unarmed           ||     8
       Bite              ||    19
       Punch             ||     1
       Whip              ||    77
       Hand axe          ||    21
Throw: Javelin           ||     2
  Use: Scroll            ||     2
  Eat: Chunk             ||     3
Armor: Robe              ||    41
       Ring mail         ||    32
Dodge: Dodged            ||   171
